 Dungeon Crawl Stone Soup version 0.21.1-1-g345015f (webtiles) character file.

884 Mesmaeker13 the Firebug (level 8, -14/41 HPs)
             Began as a Gargoyle Fire Elementalist on May 30, 2018.
             Was a Follower of Vehumet.
             Demolished by an ogre
             ... wielding a +0 giant spiked club
              (24 damage)
             ... on level 4 of the Dungeon.
             The game lasted 00:10:29 (4842 turns).

Mesmaeker13 the Firebug (GrFE)                      Turns: 4842, Time: 00:10:29

Health: -14/41     AC:  7    Str: 12    XL:     8   Next: 5%
Magic:  10/11      EV: 13    Int: 18    God:    Vehumet [*.....]
Gold:   158        SH:  0    Dex: 10    Spells: 7/11 levels left

rFire    . . .     SeeInvis .   j - +2 whip (elec)
rCold    . . .     Gourm    .   (no shield)
rNeg     + . .     Faith    .   a - +0 robe
rPois    ∞         Spirit   .   (no helmet)
rElec    +         Reflect  .   (no cloak)
rCorr    .         Harm     .   (no gloves)
MR       .....                  (no boots)
Stlth    ++........             (no amulet)
HPRegen  0.13/turn              (no ring)
MPRegen  0.12/turn              (no ring)

@: no status effects
A: negative energy resistance 1, electricity resistance, unbreathing,
petrification resistance, rot immunity, AC +5
a: Renounce Religion


You were on level 4 of the Dungeon.
You worshipped Vehumet.
Vehumet was aware of your devotion.
You were not hungry.

You visited 1 branch of the dungeon, and saw 4 of its levels.

You collected 158 gold pieces.

Inventory:

Hand Weapons
 j - a +2 whip of electrocution (weapon)
 u - a +4 short sword
Missiles
 d - 16 poisoned needles
 q - 137 stones (quivered)
 w - 8 needles of confusion
Armour
 a - a +0 robe (worn)
 g - a +0 ring mail of positive energy
 i - a +0 large shield
 y - a +0 shield
Wands
 v - a wand of acid (4)
Scrolls
 e - 2 scrolls of noise {unknown}
 f - 2 scrolls of enchant weapon {unknown}
 h - a scroll of remove curse
 l - a scroll of enchant armour {unknown}
 n - 2 scrolls of teleportation {unknown}
 o - a scroll of blinking {unknown}
 r - 2 scrolls of identify {unknown}
 t - a scroll of amnesia {unknown}
Potions
 k - a potion of might {unknown}
 m - 3 potions of curing {unknown}
 p - 5 potions of degeneration {unknown}
 s - a potion of lignification {unknown}
 x - a potion of resistance {unknown}
Books
 b - a book of Flames

   Spells                             Type                      Level
   a - Flame Tongue                   Conjuration/Fire             1
   b - Throw Flame                    Conjuration/Fire             2
   c - Conjure Flame                  Conjuration/Fire             3
   d - Inner Flame                    Hexes/Fire                   3
   e - Sticky Flame                   Conjuration/Fire             4
   f - Fireball                       Conjuration/Fire             5
Comestibles
 c - 5 rations
 z - 11 chunks of flesh


   Skills:
 + Level 4.4 Dodging
 - Level 2.1 Stealth
 - Level 2.0 Spellcasting
 + Level 5.6 Conjurations
 + Level 5.9 Fire Magic


You had 7 spell levels left.
You knew the following spells:

 Your Spells              Type           Power        Failure   Level  Hunger
a - Flame Tongue          Conj/Fire      ###..        1%          1    #......
b - Throw Flame           Conj/Fire      ###...       2%          2    ###....
c - Sandblast             Erth           #.....       19%         1    #......


Dungeon Overview and Level Annotations

Branches:
Dungeon (4/15)
 Temple: D:4-7

Altars:
Hepliaklqana
Kikubaaqudgha
Makhleb
Qazlal
Ru
Uskayaw
Vehumet
Wu Jian
Yredelemnul
The Shining One

Annotations:
D:4 Jaiteiro's ghost, amateur GrFi


Innate Abilities, Weirdness & Mutations

You are resistant to torment.
Your stone body is resilient. (AC +5)
You are immune to poison.
You resist negative energy. (rN+)
You are resistant to electric shocks. (rElec)
You can survive without breathing.
You are immune to petrification.
You are immune to rotting.


Message History

The ogre hits you with a giant spiked club!!
Casting: Flame Tongue
Confirm with . or Enter, or press ? or * to list all spells.
Aiming: Flame Tongue
Press: ? - help, Shift-Dir - straight line, f/p - ogre
Aim: an ogre, wielding a giant spiked club (moderately wounded)
The flame tongue hits the ogre.
The ogre is heavily wounded.
Casting: Flame Tongue
Confirm with . or Enter, or press ? or * to list all spells.
Aiming: Flame Tongue
Press: ? - help, Shift-Dir - straight line, f/p - ogre
Aim: an ogre, wielding a giant spiked club (heavily wounded)
The flame tongue hits the ogre.
The ogre is severely wounded.
The ogre hits you with a giant spiked club!
* * * LOW HITPOINT WARNING * * *
The ogre hits you with a giant spiked club!!
Ouch! That really hurt!
You die...

#....................##.......
###.........##########.###..##
#.######.## ##.## ##†## #.#
#.# ####.## ##.# #.# #.#
#....# #.. #.# #.# #.##.# ##..
#[# #.# ##.###.## ##.#.
#.######.#####...###.###....
#.##.......@O...........###.
#.##.###.#.###...####.......
#.##.###.#.# ##.## ##......
#.##.##..#.# #.# ##.####.
#.##.##.##.# #.. .......?
####.##<##.##.# #### ##.###..
#....##.......###########.#
#S#
#.########.##.##..a.......#
#a# #.# ##...#.#.#######..#
#.#


You could see an ogre.

Vanquished Creatures
  Eustachio (D:4)
  The ghost of Curus the Changer, an amateur MfTm (D:3)
  3 ogres
  A scorpion (D:3)
  An orc priest (D:3)
  A bullfrog skeleton (D:4)
  3 worker ants
  7 gnolls
  4 adders
  An ooze (D:2)
  An adder skeleton (D:4)
  3 worms
  A dart slug (D:2)
  A leopard gecko (D:1)
  9 orcs
  2 bats
  6 giant cockroaches
  8 goblins
  7 hobgoblins
  9 kobolds
  A quokka (D:2)
  A ball python (D:2)
  4 frilled lizards
  5 rats
81 creatures vanquished.

Notes
Turn   | Place    | Note
-------+----------+-------------------------------------------
     0 | D:1      | Mesmaeker13 the Gargoyle Fire Elementalist began the quest for the Orb.
     0 | D:1      | Reached XP level 1. HP: 10/10 MP: 3/3
   217 | D:1      | Reached XP level 2. HP: 15/15 MP: 3/5
   718 | D:2      | Found a hazy altar of Hepliaklqana.
   921 | D:2      | Reached XP level 3. HP: 19/19 MP: 1/6
   984 | D:2      | Found a stormy altar of Qazlal.
  1299 | D:2      | Found an ancient bone altar of Kikubaaqudgha.
  1311 | D:2      | Found a radiant altar of Vehumet.
  1316 | D:2      | Found an ornate altar of the Wu Jian Council.
  1322 | D:2      | Became a worshipper of Vehumet
  1338 | D:2      | Found a burning altar of Makhleb.
  1345 | D:2      | Found a basalt altar of Yredelemnul.
  1356 | D:2      | Found a sacrificial altar of Ru.
  1361 | D:2      | Found a hide-covered altar of Uskayaw.
  1826 | D:2      | Reached XP level 4. HP: 24/24 MP: 2/7
  2253 | D:3      | Reached XP level 5. HP: 13/28 MP: 0/8
  2330 | D:3      | Learned a level 2 spell: Throw Flame
  2717 | D:3      | Reached * piety under Vehumet
  2717 | D:3      | Offered knowledge of Sandblast by Vehumet.
  2762 | D:3      | Noticed Curus's ghost (amateur MfTm)
  2763 | D:3      | Learned a level 1 spell: Sandblast
  3150 | D:3      | Found a glowing golden altar of the Shining One.
  3349 | D:3      | Reached XP level 6. HP: 27/32 MP: 4/9
  3949 | D:4      | Noticed Jaiteiro's ghost (amateur GrFi)
  4234 | D:4      | Noticed Eustachio
  4253 | D:3      | Reached skill level 5 in Fire Magic
  4253 | D:3      | Reached XP level 7. HP: 19/36 MP: 8/10
  4335 | D:3      | Killed Curus's ghost
  4485 | D:4      | Killed Eustachio
  4485 | D:4      | Reached skill level 5 in Conjurations
  4737 | D:4      | Reached XP level 8. HP: 41/41 MP: 7/11
  4842 | D:4      | Demolished by an ogre

Skill      XL: |  1  2  3  4  5  6  7 |
---------------+----------------------+-----
Dodging        | 2 3 4 |  4.4
Conjurations   | 2 3 4 5 |  5.6
Fire Magic     | 4 5 |  5.9
Stealth        | |  2.1
Spellcasting   | |  2.0

Action                   |  1- 3 |  4- 6 |  7- 9 || total
-------------------------+-------+-------+-------++-------
Melee: Unarmed           |     7 |       |       ||     7
       Dagger            |    11 |       |       ||    11
       Whip              |       |    43 |    30 ||    73
 Cast: Flame Tongue      |    54 |    87 |    39 ||   180
       Throw Flame       |       |     8 |     3 ||    11
Evoke: Wand              |       |     2 |     2 ||     4
  Use: Scroll            |       |     1 |       ||     1
 Stab: Distracted        |       |     1 |       ||     1
       Sleeping          |       |       |     1 ||     1
  Eat: Chunk             |     3 |     6 |       ||     9
       Ration            |       |     1 |     1 ||     2
Armor: Robe              |    17 |    21 |    17 ||    55
Dodge: Dodged            |    32 |    61 |    39 ||   132
